Map: Divergence LE

Players

Arthas - Winner!

  • Race: Protoss Protoss
  • Spawn Location: 11:00

Ivadios - Winner!

  • Race: Terran Terran
  • League: Bronze
  • Spawn Location: 11:00

Phil

  • Race: Zerg Zerg
  • Spawn Location: 5:00

zeWole

  • Race: Terran Terran
  • Spawn Location: 5:00

VOD

Have the link to the VOD?

Description

Time

  • Played on: June 5, 2020, 3:13 p.m.
  • Length: 20:59
Show
View Real Time Build Order
Export as new Build Order

Arthas Protoss - Winner!

Build Orders: Oracle Opening, Phoenix Opening, Carriers 

Get SALT Encoding   

  12  0:01  Probe  
  13  0:13  Probe  
  14  0:19  Pylon  
  14  0:25  Probe  
  15  0:37  Probe (Chrono Boost)  
  16  0:45  Gateway  
  16  0:47  Probe (Chrono Boost)  
  17  0:50  Assimilator  
  17  0:52  Probe (Chrono Boost)  
  18  0:58  Assimilator  
  18  1:04  Pylon  
  18  1:05  Probe  
  19  1:21  Probe  
  20  1:33  Probe  
  20  1:34  Cybernetics Core  
  21  1:45  Probe  
  22  1:58  Gateway  
  22  2:08  Adept (Chrono Boost)  
  22  2:14  Stargate, Warp Gate  
  24  2:28  Pylon  
  24  2:30  Adept  
  26  2:45  Adept  
  26  2:48  Pylon  
  28  2:56  Oracle (Chrono Boost)  
  31  3:36  Phoenix  
  31  4:16  Phoenix  
  29  4:31  Protoss Air Weapons Level 1  
  29  4:47  Phoenix  
  29  4:51  Adept x2  
  35  4:58  Pylon  
  35  5:20  Adept  
  35  5:21  Adept  
  39  5:26  Phoenix  
  41  5:41  Nexus  
  41  5:43  Pylon  
  41  5:47  Pylon  
  33  6:14  Fleet Beacon, Stargate  
  33  6:21  Pylon  
  33  6:29  Fleet Beacon  
  33  6:31  Forge  
  33  6:32  Adept x2  
  37  7:35  Photon Cannon  
  37  7:38  Photon Cannon  
  35  8:23  Tempest x2  
  45  8:29  Stargate  
  45  8:32  Assimilator  
  45  8:35  Assimilator  
  45  8:41  Twilight Council, Protoss Ground Weapons Level 1  
  45  8:43  Pylon  
  45  8:52  Photon Cannon  
  45  8:55  Protoss Air Weapons Level 2 (Chrono Boost)  
  45  8:58  Pylon x2  
  45  8:59  Zealot  
  45  9:00  Zealot  
  45  9:01  Gateway  
  49  9:10  Nexus  
  49  9:16  Photon Cannon  
  49  9:19  Photon Cannon  
  49  9:25  Carrier  
  53  10:18  Tempest  
  58  10:30  Probe x2  
  60  10:42  Probe  
  61  10:49  Zealot x2  
  65  10:50  Zealot  
  67  11:28  Carrier x2  
  79  11:38  Charge (Chrono Boost)  
  79  11:45  Probe  
  81  11:47  Probe  
  81  11:57  Probe  
  69  12:11  Carrier  
  75  12:24  Probe  
  76  12:33  Protoss Air Weapons Level 3 (Chrono Boost)  
  76  13:04  Nexus  
  76  13:14  Carrier  
  82  13:29  Carrier  
  88  13:38  Probe x2  
  90  13:50  Probe  
  90  13:51  Templar Archives  
  91  13:58  Probe  
  93  14:02  Probe  
  87  14:23  Psionic Storm  
  78  15:14  Carrier x2  
  78  15:15  Carrier  
  96  15:23  Assimilator  
  96  15:25  Assimilator  
  96  15:27  Protoss Air Armor Level 1 (Chrono Boost)  
  96  15:35  High Templar  
  96  15:36  High Templar  
  88  16:18  Carrier  
  88  16:19  Carrier  
  94  16:40  Carrier  
  94  16:46  Zealot  
  102  16:47  Zealot  
  102  16:53  Gateway  
  104  16:55  Gateway  
  104  17:03  Probe  
  104  17:04  Probe  
  106  17:22  Protoss Air Armor Level 2 (Chrono Boost)  
  106  17:24  Stargate  
  106  17:39  Pylon  
  106  17:40  Pylon  
  104  17:45  High Templar x2  
  104  17:47  Carrier  
  104  17:48  Carrier x2  
  106  17:57  Pylon  
  124  18:08  Pylon  
  124  18:09  Pylon  
  124  18:10  Pylon  
  124  18:11  Pylon  
  124  18:13  Pylon  
  124  18:16  Carrier  
  125  18:47  High Templar x4  
  133  18:52  Archon x2  
  133  18:59  Nexus  
  133  19:02  Pylon  
  133  19:05  Assimilator  
  133  19:07  Carrier  
  139  19:10  Assimilator  
  139  19:12  Pylon  
  139  19:28  Robotics Facility  
Show
View Real Time Build Order
Export as new Build Order

Ivadios Terran - Winner!

Build Orders:  

Get SALT Encoding   

  12  0:22  Supply Depot  
  12  0:25  SCV  
  13  0:37  SCV  
  14  0:45  Barracks  
  14  1:02  SCV  
  15  1:27  Barracks  
  15  1:29  Barracks  
  15  1:36  Supply Depot  
  15  1:51  Marine  
  16  1:59  Supply Depot  
  16  2:09  Marine  
  17  2:23  Barracks  
  17  2:25  Barracks  
  17  2:30  Marine x2  
  17  2:31  Marine  
  20  2:44  Supply Depot  
  20  2:53  Orbital Command  
  20  3:07  Supply Depot  
  20  3:17  Marine x3  
  23  3:29  Supply Depot  
  23  3:51  Refinery  
  23  3:52  Supply Depot  
  23  3:53  Refinery  
  18  4:39  Marine x5  
  23  4:51  SCV  
  24  4:56  Marine  
  24  4:57  Marine x2  
  27  5:03  SCV  
  28  5:08  Marine  
  28  5:09  Marine  
  30  5:14  Marine x2  
  30  5:15  SCV  
  33  5:27  SCV  
  33  5:39  SCV  
  27  5:52  SCV, Factory  
  28  5:57  Factory  
  28  6:04  SCV  
  29  6:23  Marine x5  
  34  6:41  Starport, Marine x3  
  34  6:44  Starport  
  37  7:00  Factory Tech Lab x2  
  37  7:03  SCV  
  38  7:15  SCV  
  39  7:27  SCV  
  39  7:41  Siege Tank x2  
  45  7:55  Medivac x2  
  49  8:13  Siege Tank  
  52  9:23  Supply Depot  
  52  9:24  Supply Depot  
  52  9:40  Marine x5  
  52  9:42  Command Center  
  57  9:45  Refinery  
  57  9:46  Supply Depot  
  57  9:47  Supply Depot  
  57  9:54  Viking x2  
  57  9:58  Marine x5  
  66  10:11  Refinery, Supply Depot  
  66  10:12  Supply Depot  
  66  10:15  Marine  
  66  10:16  Marine x4  
  71  10:33  Marine  
  71  10:34  Marine x4  
  71  10:35  Supply Depot  
  76  10:50  Viking x2  
  76  10:51  Marine  
  76  10:52  Marine x4  
  76  10:53  Hellion  
  76  10:54  Hellion  
  89  11:12  SCV x2  
  91  11:24  SCV  
  32  12:21  Barracks Tech Lab  
  32  12:22  Barracks Tech Lab x3  
  32  12:38  Hellion x2  
  32  12:40  Barracks Tech Lab  
  36  12:49  Medivac x2  
  40  12:55  Marine  
  40  12:56  Marine x3  
  44  13:00  Hellion x2  
  48  13:13  Marine x2  
  48  13:14  Marine x2  
  48  13:19  Medivac x2  
  56  13:21  Hellion x2  
  60  13:42  Hellion x2  
  64  14:04  Hellion x2  
  34  14:50  Hellion x2  
  34  14:52  Marine x2  
  32  14:53  Marine x3  
  37  15:02  Medivac  
  37  15:03  Medivac  
  41  15:10  Marine x3  
  41  15:11  Marine x2  
  41  15:12  Hellion x2  
  50  15:28  Marine  
  50  15:30  Engineering Bay  
  50  15:32  Medivac  
  50  15:33  Hellion  
  55  15:55  Engineering Bay  
  47  16:42  SCV x2  
  48  16:48  Marine x5  
  53  17:06  Marine x5  
  58  17:22  Neosteel Armor  
  58  17:23  Marine, Terran Infantry Weapons Level 1  
  58  17:24  Marine x4  
  63  17:40  Armory  
  63  17:41  Marine x2  
  63  17:42  Marine x3  
  68  17:48  Medivac  
  68  17:49  Medivac  
  72  17:59  Marine x4  
  72  18:00  Marine  
  77  18:13  Combat Shield  
  77  18:17  Marine x5  
  82  18:21  Stimpack  
  82  18:28  Armory  
  82  18:35  Marine x5  
  87  18:51  Terran Vehicle Weapons Level 1  
  87  18:52  Marine  
  87  18:53  Marine x2  
  90  19:02  Terran Infantry Armor Level 1  
  90  19:05  Marine x2  
  92  19:10  Marine x2  
  92  19:11  Marine  
  95  19:18  Medivac  
  95  19:23  Marine x2  
  99  19:28  Marine x2  
Show
View Real Time Build Order
Export as new Build Order

Phil Zerg 

Build Orders: Pool First 

Get SALT Encoding   

  12  0:02  Drone  
  13  0:08  Drone  
  14  0:17  Overlord  
  14  0:36  Drone x3  
  17  0:55  Drone  
  18  1:14  Spawning Pool  
  18  1:16  Drone x2  
  19  1:28  Hatchery  
  18  1:51  Extractor  
  17  1:54  Overlord x2  
  17  2:03  Queen, Hatchery  
  17  2:06  Zergling x4  
  20  2:17  Zergling x2  
  21  2:34  Zergling x2  
  22  2:57  Roach Warren  
  22  2:58  Zergling x6  
  22  2:59  Zergling x2  
  25  3:28  Extractor, Overlord  
  25  3:29  Drone x7  
  25  3:30  Drone x2  
  33  3:34  Metabolic Boost  
  32  3:46  Roach  
  32  3:47  Zergling x2  
  30  4:25  Zergling x8  
  30  4:26  Roach x4  
  30  4:27  Zergling x8  
  43  4:53  Queen  
  43  4:58  Queen  
  47  5:01  Roach x3, Zergling x6  
  47  5:02  Zergling x2  
  57  5:21  Zergling x2  
  57  5:23  Overlord x3  
  57  5:24  Overlord  
  50  6:08  Lair  
  50  6:12  Drone x3  
  50  6:13  Drone x6  
  59  6:22  Extractor  
  58  6:35  Roach  
  58  6:36  Roach, Zergling x12  
  56  7:12  Spire  
  52  7:56  Spore Crawler  
  51  7:59  Spore Crawler  
  50  8:06  Spore Crawler  
  50  8:10  Spore Crawler  
  47  8:19  Drone x5  
  52  8:38  Mutalisk x2  
  52  8:40  Overlord x2  
  52  8:41  Overlord x5  
  56  8:53  Hydralisk Den  
  55  9:20  Mutalisk x2  
  59  9:28  Extractor  
  58  9:33  Extractor  
  45  10:06  Hydralisk x4  
  45  10:07  Hydralisk  
  54  10:28  Spore Crawler  
  53  10:48  Corruptor x2  
  57  11:01  Drone x3  
  60  11:08  Drone x2  
  38  12:18  Hatchery  
  37  12:26  Drone x3  
  40  12:36  Drone  
  40  12:37  Drone x2  
  43  13:14  Queen  
  45  13:28  Roach x2  
  45  13:29  Roach x4  
  45  13:31  Zergling x2  
  58  13:42  Infestation Pit  
  57  14:07  Hatchery  
  54  14:29  Corruptor x5  
  64  14:32  Roach  
  66  15:07  Drone  
  66  15:09  Drone  
  68  15:15  Hatchery  
  67  15:27  Queen  
  69  15:35  Drone x2  
  71  15:36  Drone  
  71  15:42  Zergling x2  
  73  15:50  Drone x2  
  53  16:08  Corruptor  
  53  16:09  Corruptor  
  22  16:55  Corruptor  
  22  16:56  Corruptor x2  
  28  17:15  Corruptor  
  28  17:41  Corruptor  
  28  17:57  Roach x2  
  28  17:58  Roach x2  
  36  18:02  Drone  
  37  18:07  Drone  
  37  18:11  Drone  
  39  18:56  Drone x3  
  39  19:00  Drone x3  
  45  19:06  Drone x3  
  48  19:12  Drone x3  
  48  19:13  Corruptor  
  48  19:14  Corruptor  
  55  19:30  Drone x3  
  31  20:22  Drone x6  
  31  20:23  Drone x3  
Show
View Real Time Build Order
Export as new Build Order

zeWole Terran 

Build Orders:  

Get SALT Encoding   

  12  0:01  SCV  
  13  0:13  SCV  
  14  0:18  Supply Depot  
  14  0:25  SCV  
  15  0:30  Refinery  
  15  0:43  Barracks  
  15  0:47  SCV  
  16  0:59  SCV  
  17  1:08  Barracks  
  17  1:12  SCV  
  18  1:24  SCV  
  19  1:27  Supply Depot  
  19  1:35  Marine  
  19  1:36  SCV  
  21  1:48  SCV  
  22  1:56  Refinery  
  22  2:00  SCV, Barracks Tech Lab  
  23  2:09  Factory  
  23  2:13  Engineering Bay  
  24  2:15  SCV  
  24  2:16  Marine  
  25  2:27  SCV  
  26  2:30  Stimpack  
  26  2:33  Marine  
  27  2:53  Barracks Reactor  
  27  2:54  Marine  
  27  2:56  Factory Tech Lab  
  28  3:05  Command Center  
  28  3:14  Bunker  
  28  3:16  Marine  
  29  3:34  Marine  
  29  3:35  Supply Depot  
  30  3:50  Orbital Command  
  30  3:52  Marine  
  31  3:57  Siege Tank  
  34  4:14  Marine  
  34  4:15  Marine x2  
  29  4:32  Marine  
  27  4:44  Marine x2  
  27  4:50  Marine  
  28  4:55  SCV  
  29  5:02  Marine x2  
  31  5:10  SCV  
  32  5:22  Missile Turret  
  32  5:38  Marine x3  
  35  5:43  SCV  
  36  5:55  SCV  
  36  5:56  Siege Tank  
  40  6:06  Terran Infantry Weapons Level 1  
  40  6:17  SCV  
  41  6:20  Barracks  
  41  6:28  SCV  
  41  6:29  SCV  
  43  6:40  SCV  
  44  7:30  Marine x2  
  46  7:39  Starport  
  46  7:48  SCV  
  47  8:00  SCV, Command Center  
  48  8:10  Reaper x3  
  51  8:13  SCV  
  51  8:14  Terran Infantry Armor Level 1  
  51  8:16  Starport  
  52  8:22  Armory  
  52  8:29  Missile Turret  
  52  8:30  SCV  
  53  8:42  SCV  
  53  8:46  Viking, Reaper  
  57  8:51  Supply Depot  
  57  8:54  SCV, Starport  
  58  8:57  SCV  
  59  9:09  SCV  
  60  9:15  Supply Depot  
  60  9:24  Missile Turret  
  60  9:27  Orbital Command  
  60  9:30  SCV  
  61  9:33  Starport  
  61  9:36  Marine x3  
  64  9:38  Supply Depot  
  64  9:39  Thor  
  64  9:42  SCV  
  71  9:53  Marine  
  71  9:55  SCV  
  73  10:01  Supply Depot  
  73  10:04  Viking x3  
  73  10:07  SCV  
  80  10:24  Terran Vehicle Weapons Level 1  
  80  10:32  Supply Depot  
  80  10:44  SCV  
  80  10:48  Command Center  
  81  10:51  Reaper x2  
  81  10:56  SCV  
  84  11:01  Refinery  
  84  11:05  Refinery  
  84  11:08  SCV  
  85  11:20  SCV  
  86  11:33  Missile Turret  
  86  11:34  Marine x3  
  86  11:37  Thor  
  95  11:45  Factory  
  94  12:09  Marine x2  
  94  12:10  Marine  
  97  12:15  Viking  
  97  12:20  SCV, Thor  
  106  12:27  SCV, Marine x3  
  110  12:30  Refinery  
  110  12:32  SCV  
  111  12:39  SCV  
  111  12:44  SCV  
  111  12:45  Marine x2  
  111  12:46  Viking x2  
  111  12:47  Viking  
  111  12:51  SCV  
  118  12:56  SCV  
  117  13:03  SCV  
  118  13:15  SCV x2  
  120  13:24  Missile Turret  
  120  13:27  SCV x2  
  120  13:33  Missile Turret  
  122  13:39  SCV, Marine x3  
  122  13:40  SCV  
  127  13:41  Thor  
  127  13:45  Factory Tech Lab  
  133  13:51  SCV  
  133  13:52  SCV, Viking x2  
  139  13:57  Marine  
  139  13:58  Viking, Marine x2  
  144  14:03  SCV  
  145  14:14  Marine  
  145  14:16  Marine  
  147  14:20  Marine  
  148  14:24  Thor  
  154  14:32  Marine  
  136  14:54  Marine x3  
  94  15:12  Marine x3, Thor  
  100  15:15  Viking x3  
  106  15:27  SCV  
  107  15:30  Marine x3  
  110  15:39  SCV  
  110  15:40  SCV  
  112  15:47  Missile Turret  
  112  15:51  SCV  
  112  15:52  SCV  
  112  15:54  Marine x3  
  112  15:55  Thor  
  123  16:03  SCV  
  124  16:08  Refinery  
  118  16:12  Marine x3  
  118  16:15  SCV  
  120  16:27  SCV  
  120  16:30  Marine  
  120  16:38  Thor  
  120  16:39  SCV  
  127  16:44  Marine x2  
  127  16:45  Marine  
  130  16:47  Marine  
  131  16:57  Barracks  
  131  16:59  Factory  
  131  17:02  Marine x3  
  131  17:04  Thor  
  131  17:05  Marine  
  141  17:13  SCV  
  142  17:20  Marine x3  
  142  17:21  Thor  
  151  17:23  Marine  
  151  17:25  SCV  
  153  17:38  Marine x3  
  153  17:44  Marine  
  153  17:54  Thor  
  149  18:15  Viking x4  
  138  18:45  Viking x3  
  144  18:52  SCV  
  145  18:56  Marine x2  
  145  18:57  Marine  
  145  19:02  Barracks Reactor  
  148  19:04  SCV  
  148  19:07  Barracks Reactor  
  148  19:09  Barracks  
  149  19:11  Factory Tech Lab  
  149  19:13  Thor x2  
  149  19:14  Marine x3  
  164  19:51  Marine x2  
  164  19:52  Marine  
  164  19:54  Marine x3  
  164  19:55  SCV, Marine  
  164  19:56  Thor  
  107  20:07  SCV  
  107  20:09  Marine x2  
  107  20:10  Marine  
  107  20:12  Marine x2  
  95  20:16  Marine  
  95  20:17  Marine x2  
  98  20:27  Marine x3  
  76  20:30  Marine x2  
  76  20:34  Marine x2  
  76  20:35  Marine  
Tags
 
Add a new tag
Caveats
  • Supply blocks, unpowered buildings, or Contaminate may cause inaccurate times.
  • Supply counts are checked every 10 seconds.